NYP
VERMONT LAKE MONSTERS @ EVERETT AQUASOX
09/14/2049
 
TOP OF THE 1ST
Vermont Lake Monsters batting - Pitching for Everett AquaSox : LHP Adam Schmidt
Pitching: LHP Adam Schmidt
Batting: RHB Alberto Malagon 0-0: Ball
1-0: Ball
2-0: Foul Ball, location: 2F
2-1: Ball
3-1: SINGLE (Groundball, 6MD, EV 105.0 MPH)
Batting: SHB Steve Salafia 0-0: Grounds into double play, 4-6-3 (Groundball, 4, EV 84.4 MPH)
Batting: RHB Tetsuya Shinoda 0-0: Called Strike
0-1: Ball
1-1: Foul Ball, location: 2F
1-2: Ball
2-2: Ground out 4-3 (Groundball, 4M, EV 83.1 MPH)
Top of the 1st over - 0 runs, 1 hit, 0 errors, 0 left on base; Vermont 0 - Everett 0
BOTTOM OF THE 1ST
Everett AquaSox batting - Pitching for Vermont Lake Monsters : RHP Jesse Clark
Pitching: RHP Jesse Clark
Batting: RHB John Vasquez 0-0: Called Strike
0-1: Ball
1-1: Swinging Strike
1-2: Ground out U3 (Groundball, 3, EV 85.0 MPH)
Batting: RHB Tomokazu Sugimoto 0-0: Ball
1-0: Ball
2-0: Ground out 4-3 (Groundball, 4, EV 105.0 MPH)
Batting: RHB Bryan Alfaro 0-0: Called Strike
0-1: Swinging Strike
0-2: Ball
1-2: Strikes out swinging
Bottom of the 1st over - 0 runs, 0 hits, 0 errors, 0 left on base; Vermont 0 - Everett 0
TOP OF THE 2ND
Vermont Lake Monsters batting - Pitching for Everett AquaSox : LHP Adam Schmidt
Batting: RHB Ryan Jennings 0-0: Ball
1-0: Ball
2-0: Foul Ball, location: 2F
2-1: Ball
3-1: Foul Ball, location: 2F
3-2: Base on Balls
Batting: RHB Edgardo Rivera 0-0: Ball
1-0: Ball
2-0: Called Strike
2-1: Ball
3-1: Base on Balls
Ryan Jennings to second
Batting: RHB Amare Brown 0-0: Ball
1-0: Foul Ball, location: 2F
1-1: Ball
2-1: Grounds into double play, 6-4-3 (Groundball, 6, EV 86.2 MPH)
Ryan Jennings to third
Batting: RHB Jon Coleman 0-0: Ball
1-0: DOUBLE (Line Drive, 3D, EV 95.0 MPH)
Ryan Jennings scores
Batting: SHB Matt Sybrant 0-0: Ball
1-0: Ball
2-0: Called Strike
2-1: Foul Ball, location: 2F
2-2: Strikes out swinging
Top of the 2nd over - 1 run, 1 hit, 0 errors, 1 left on base; Vermont 1 - Everett 0
BOTTOM OF THE 2ND
Everett AquaSox batting - Pitching for Vermont Lake Monsters : RHP Jesse Clark
Batting: RHB Antonio Oyola 0-0: Ground out 6-3 (Groundball, 6, EV 101.9 MPH)
Batting: SHB Tony Morales 0-0: Swinging Strike
0-1: Called Strike
0-2: Strikes out swinging
Batting: RHB Rich Justice 0-0: Ball
1-0: Foul Ball, location: 2F
1-1: Ground out U3 (Groundball, 34, EV 101.9 MPH)
Bottom of the 2nd over - 0 runs, 0 hits, 0 errors, 0 left on base; Vermont 1 - Everett 0
TOP OF THE 3RD
Vermont Lake Monsters batting - Pitching for Everett AquaSox : LHP Adam Schmidt
Batting: SHB Berthold Frey 0-0: Foul Ball, location: 2F
0-1: Called Strike
0-2: Ball
1-2: Ball
2-2: Ball
3-2: Base on Balls
Batting: RHB Alberto Malagon 0-0: Ball
1-0: Foul Ball, location: 2F
1-1: Swinging Strike
1-2: Ball
Wild Pitch!
Berthold Frey to second
2-2: Ball
3-2: Foul Ball, location: 2F
3-2: Strikes out swinging
Batting: SHB Steve Salafia 0-0: Called Strike
0-1: Ground out U3 (Groundball, 3L, EV 80.0 MPH)
Berthold Frey to third
Batting: RHB Tetsuya Shinoda 0-0: Fly out, F9 (Line Drive, 9S, EV 91.2 MPH)
Top of the 3rd over - 0 runs, 0 hits, 0 errors, 1 left on base; Vermont 1 - Everett 0
BOTTOM OF THE 3RD
Everett AquaSox batting - Pitching for Vermont Lake Monsters : RHP Jesse Clark
Batting: SHB Raghnall Ahearne 0-0: Called Strike
0-1: Bunt missed!
0-2: Ball
1-2: Fly out, F7 (Line Drive, 7S, EV 97.5 MPH)
Batting: RHB Sal Cervantes 0-0: Called Strike
0-1: Fly out, F8 (Flyball, 8RS, EV 90.0 MPH)
Batting: RHB Egidius Kruger 0-0: Swinging Strike
0-1: Ball
1-1: Ground out 5-3 (Groundball, 5S, EV 65.6 MPH)
Bottom of the 3rd over - 0 runs, 0 hits, 0 errors, 0 left on base; Vermont 1 - Everett 0
TOP OF THE 4TH
Vermont Lake Monsters batting - Pitching for Everett AquaSox : LHP Adam Schmidt
Batting: RHB Ryan Jennings 0-0: Ball
1-0: Foul Ball, location: 2F
1-1: Ball
2-1: SINGLE (Line Drive, 7S, EV 90.6 MPH)
Batting: RHB Edgardo Rivera 0-0: Foul Ball, location: 2F
0-1: Ball
1-1: Called Strike
1-2: Foul Ball, location: 2F
1-2: Fielders Choice at 2nd, 5-4 (Groundball, 56, EV 89.4 MPH)
Batting: RHB Amare Brown 0-0: Called Strike
0-1: Ball
1-1: Ball
2-1: Ball
3-1: Base on Balls
Edgardo Rivera to second
Batting: RHB Jon Coleman 0-0: Called Strike
0-1: Ball
1-1: Foul Ball, location: 2F
1-2: Ball
2-2: Foul Ball, location: 2F
2-2: Ball
3-2: Foul Ball, location: 2F
3-2: Foul Ball, location: 2F
3-2: Foul Ball, location: 2F
3-2: Foul Ball, location: 2F
3-2: Strikes out looking
Batting: SHB Matt Sybrant 0-0: Called Strike
0-1: Ball
1-1: Swinging Strike
1-2: Foul Ball, location: 2F
1-2: Ground out 3-1 (Groundball, 34, EV 93.1 MPH)
Top of the 4th over - 0 runs, 1 hit, 0 errors, 2 left on base; Vermont 1 - Everett 0
BOTTOM OF THE 4TH
Everett AquaSox batting - Pitching for Vermont Lake Monsters : RHP Jesse Clark
Batting: RHB John Vasquez 0-0: Ball
1-0: Ball
2-0: Called Strike
2-1: Ground out 5-3 (Groundball, 56S, EV 82.5 MPH)
Batting: RHB Tomokazu Sugimoto 0-0: Ground out 4-3 (Groundball, 4D, EV 95.6 MPH)
Batting: RHB Bryan Alfaro 0-0: Called Strike
0-1: Fly out, F8 (Flyball, 8RM, EV 90.0 MPH)
Bottom of the 4th over - 0 runs, 0 hits, 0 errors, 0 left on base; Vermont 1 - Everett 0
TOP OF THE 5TH
Vermont Lake Monsters batting - Pitching for Everett AquaSox : LHP Adam Schmidt
Pitching: LHP Chris Wheeler
Batting: SHB Berthold Frey 0-0: Swinging Strike
0-1: Ball
1-1: Foul Ball, location: 2F
1-2: Ball
2-2: DOUBLE (Flyball, 8RXD, EV 93.1 MPH)
Batting: RHB Alberto Malagon 0-0: Foul Ball, location: 2F
0-1: Foul Ball, location: 2F
0-2: Ball
1-2: Ball
2-2: Foul Ball, location: 2F
2-2: Strikes out swinging
Batting: SHB Steve Salafia 0-0: Called Strike
Berthold Frey steals 3rd base
0-1: Foul Ball, location: 2F
0-2: Strikes out swinging
Batting: RHB Tetsuya Shinoda 0-0: Ball
1-0: Ball
2-0: Called Strike
2-1: Ball
3-1: Swinging Strike
3-2: Strikes out looking
Top of the 5th over - 0 runs, 1 hit, 0 errors, 1 left on base; Vermont 1 - Everett 0
BOTTOM OF THE 5TH
Everett AquaSox batting - Pitching for Vermont Lake Monsters : RHP Jesse Clark
Batting: RHB Antonio Oyola 0-0: Ground out 6-3 (Groundball, 6, EV 105.0 MPH)
Batting: SHB Tony Morales 0-0: Called Strike
0-1: Foul Ball, location: 2F
0-2: Ball
1-2: Strikes out swinging
Batting: RHB Rich Justice 0-0: Foul Ball, location: 2F
0-1: Ground out 3-1 (Groundball, 34S, EV 86.9 MPH)
Bottom of the 5th over - 0 runs, 0 hits, 0 errors, 0 left on base; Vermont 1 - Everett 0
TOP OF THE 6TH
Vermont Lake Monsters batting - Pitching for Everett AquaSox : LHP Chris Wheeler
Batting: RHB Ryan Jennings 0-0: Ball
1-0: Ball
2-0: Ball
3-0: Swinging Strike
3-1: Base on Balls
Batting: RHB Edgardo Rivera 0-0: Foul Ball, location: 2F
0-1: Swinging Strike
0-2: Strikes out swinging
Batting: RHB Amare Brown 0-0: Foul Ball, location: 2F
0-1: Ball
1-1: Called Strike
1-2: Strikes out swinging
Batting: RHB Jon Coleman 0-0: Ball
1-0: Ball
2-0: Foul Ball, location: 2F
2-1: Ball
3-1: Ground out 5-3 (Groundball, 15, EV 84.4 MPH)
Top of the 6th over - 0 runs, 0 hits, 0 errors, 1 left on base; Vermont 1 - Everett 0
BOTTOM OF THE 6TH
Everett AquaSox batting - Pitching for Vermont Lake Monsters : RHP Jesse Clark
Batting: SHB Raghnall Ahearne 0-0: Ball
1-0: TRIPLE (Flyball, 8RXD, EV 88.8 MPH)
Batting: RHB Sal Cervantes 0-0: Called Strike
0-1: Ball
1-1: Foul Ball, location: 2F
1-2: Ground out 6-3 (Groundball, 6, EV 105.0 MPH)
Batting: RHB Egidius Kruger 0-0: Ball
1-0: Ground out 5-3 (Groundball, 5, EV 82.5 MPH)
Batting: RHB John Vasquez 0-0: Ball
1-0: Fly out, F4 (Line Drive, 4, EV 70.6 MPH)
Bottom of the 6th over - 0 runs, 1 hit, 0 errors, 1 left on base; Vermont 1 - Everett 0
TOP OF THE 7TH
Vermont Lake Monsters batting - Pitching for Everett AquaSox : LHP Chris Wheeler
Batting: SHB Matt Sybrant 0-0: Ground out 1-3 (Groundball, 15S, EV 63.1 MPH)
Batting: SHB Berthold Frey 0-0: Ball
1-0: Called Strike
1-1: Called Strike
1-2: Foul Ball, location: 2F
1-2: Ball
2-2: Ball
3-2: Foul Ball, location: 2F
3-2: Base on Balls
Pitching: RHP Ke-yong Khoo
Batting: RHB Alberto Malagon 0-0: Ball
Wild Pitch!
Berthold Frey to second
1-0: TRIPLE (Flyball, 89XD, EV 106.2 MPH)
Berthold Frey scores
Batting: SHB Steve Salafia 0-0: Ball
1-0: Ball
2-0: Ball
3-0: Base on Balls
Batting: RHB Tetsuya Shinoda 0-0: Ball
1-0: Foul Ball, location: 2F
1-1: Swinging Strike
1-2: Strikes out swinging
Batting: RHB Ryan Jennings 0-0: Swinging Strike
0-1: Foul Ball, location: 2F
0-2: Ball
1-2: Ball
2-2: Strikes out swinging
Top of the 7th over - 1 run, 1 hit, 0 errors, 2 left on base; Vermont 2 - Everett 0
BOTTOM OF THE 7TH
Everett AquaSox batting - Pitching for Vermont Lake Monsters : RHP Jesse Clark
Batting: RHB Tomokazu Sugimoto 0-0: SINGLE (Groundball, 6, EV 96.2 MPH)
Batting: RHB Bryan Alfaro 0-0: Ball
Tomokazu Sugimoto steals 2nd base
1-0: Ball
2-0: Called Strike
2-1: Swinging Strike
2-2: Ball
3-2: Base on Balls
Batting: RHB Antonio Oyola 0-0: Ball
Wild Pitch!
Tomokazu Sugimoto to third
Bryan Alfaro to second
1-0: Ball
2-0: Swinging Strike
2-1: Foul Ball, location: 2F
2-2: Fly out, F8 (Flyball, 8LXD, EV 82.5 MPH)
Runner from 3rd tags up, SCORES, no throw by CF
Bryan Alfaro to third
Pitching: RHP Nasser bin Ata
Batting: SHB Tony Morales 0-0: Foul Ball, location: 2F
0-1: Ball
1-1: Swinging Strike
1-2: Strikes out swinging
Batting: RHB Rich Justice 0-0: Ball
1-0: Called Strike
1-1: Fly out, F1 (Line Drive, P, EV 63.1 MPH)
Bottom of the 7th over - 1 run, 1 hit, 0 errors, 1 left on base; Vermont 2 - Everett 1
TOP OF THE 8TH
Vermont Lake Monsters batting - Pitching for Everett AquaSox : RHP Ke-yong Khoo
Batting: RHB Edgardo Rivera 0-0: Called Strike
0-1: Foul Ball, location: 2F
0-2: Ball
1-2: Ball
2-2: Foul Ball, location: 2F
2-2: Foul Ball, location: 2F
2-2: Ball
3-2: Foul Ball, location: 2F
3-2: Foul Ball, location: 2F
3-2: Base on Balls
Pitching: LHP Kevin Roberts
Batting: RHB Amare Brown 0-0: Bunt - Flyout to 2R! F2
Batting: RHB Jon Coleman 0-0: SINGLE (Line Drive, 78S, EV 103.8 MPH)
Edgardo Rivera to second
Batting: SHB Matt Sybrant 0-0: Ball
1-0: Foul Ball, location: 2F
1-1: Called Strike
1-2: Ball
2-2: Ball
3-2: Foul Ball, location: 2F
3-2: Strikes out swinging
Batting: SHB Berthold Frey 0-0: Swinging Strike
0-1: Ball
1-1: Called Strike
1-2: Strikes out swinging
Top of the 8th over - 0 runs, 1 hit, 0 errors, 2 left on base; Vermont 2 - Everett 1
BOTTOM OF THE 8TH
Everett AquaSox batting - Pitching for Vermont Lake Monsters : RHP Nasser bin Ata
Batting: SHB Raghnall Ahearne 0-0: Reached via error on a dropped throw from 1B, E1 (Groundball, 34S, EV 71.2 MPH)
Pitching: RHP Dave Magana
Batting: RHB Sal Cervantes 0-0: Ball
Raghnall Ahearne steals 2nd base (no throw)
1-0: DOUBLE (Flyball, 78D, EV 98.1 MPH)
Raghnall Ahearne scores
Pinch Hitting: RHB Ivan Davila 0-0: Swinging Strike
0-1: Ball
1-1: Called Strike
1-2: Strikes out swinging
Batting: RHB John Vasquez 0-0: SINGLE (Groundball, 6MD, EV 98.8 MPH)
Sal Cervantes to third
Runner from 3rd tries for Home, SAFE, throw by CF to home
Batting: RHB Tomokazu Sugimoto 0-0: SINGLE (Groundball, 6MD, EV 105.0 MPH)
John Vasquez to second
Runner from 2nd tries for 3rd, SAFE, no throw by CF
Batting: RHB Bryan Alfaro 0-0: Called Strike
0-1: Ball
1-1: Foul Ball, location: 2F
1-2: Strikes out looking
Tomokazu Sugimoto steals 2nd base
Batter strikes out.
Batting: RHB Antonio Oyola 0-0: Intentional Walk
Batting: SHB Tony Morales 0-0: Called Strike
0-1: Ball
1-1: Ball
2-1: Ball
3-1: Called Strike
3-2: DOUBLE (Line Drive, 89XD, EV 100.0 MPH)
John Vasquez scores
Tomokazu Sugimoto scores
Antonio Oyola to third
Antonio Oyola scores
Pitching: RHP Emanuel Andrade
Batting: RHB Rich Justice 0-0: Ball
1-0: Foul Ball, location: 2F
1-1: Ball
2-1: Foul Ball, location: 2F
2-2: Strikes out swinging
Bottom of the 8th over - 5 runs, 4 hits, 1 error, 1 left on base; Vermont 2 - Everett 6
TOP OF THE 9TH
Vermont Lake Monsters batting - Pitching for Everett AquaSox : LHP Kevin Roberts
Now at SS: Ching-hsia Zhang
Batting: RHB Alberto Malagon 0-0: Ball
1-0: Called Strike
1-1: Ball
2-1: Swinging Strike
2-2: Foul Ball, location: 2F
2-2: Strikes out looking
Batting: SHB Steve Salafia 0-0: SINGLE (Line Drive, 9S, EV 91.9 MPH)
Batting: RHB Tetsuya Shinoda 0-0: Foul Ball, location: 2F
0-1: Foul Ball, location: 2F
0-2: Strikes out looking
Batting: RHB Ryan Jennings 0-0: Ball
1-0: Ball
2-0: Ball
3-0: Base on Balls
Steve Salafia to second
Pitching: RHP Kieran Easton
Batting: RHB Edgardo Rivera 0-0: Swinging Strike
0-1: Ball
1-1: Swinging Strike
1-2: Strikes out swinging
Top of the 9th over - 0 runs, 1 hit, 0 errors, 2 left on base; Vermont 2 - Everett 6
Sunday, July 16th , 2023 - OOTP Baseball 24.6 Build 69